 Dungeon Crawl Stone Soup version 0.30.0-18-gc0e69614cb (webtiles) character file.

Game seed: 10413765363257447192

355 olmar the Cudgeller (level 6, -1/30 (51) HPs)
             Began as a Gnoll Reaver on May 25, 2023.
             Slain by a hound (5 damage)
             ... on level 4 of the Dungeon.
             The game lasted 00:05:00 (2722 turns).

olmar the Cudgeller (Gnoll Reaver)                  Turns: 2722, Time: 00:05:00

HP:   -1/30 (51)    AC:  5    Str: 13    XL:     6   Next: 63%
MP:   14/14         EV: 12    Int: 13    God:
Gold: 161           SH:  0    Dex: 10    Spells: 12/15 levels left

rFire   . . .        d - +0 demon trident
rCold   + . .        (no shield)
rNeg    . . .        g - +2 leather armour {rC+}
rPois   .            (no helmet)
rElec   .            (no cloak)
rCorr   .            (no gloves)
SInv    .            (no boots)
Will    .....        (no amulet)
Stlth   ++           (no ring)
HPRegen 0.25/turn    (no ring)
MPRegen 0.14/turn

%: no passive effects
@: very heavily drained
A: fangs 1, strong nose, distributed training
a: no special abilities


You were on level 4 of the Dungeon.
You visited 1 branch of the dungeon, and saw 4 of its levels.

You collected 261 gold pieces.
You spent 100 gold pieces at shops.

Inventory:

Hand Weapons
 d - a +0 demon trident (weapon)
 n - a +1 whip of venom
Missiles
 t - 3 poisoned darts (quivered)
Armour
 g - a +2 leather armour of cold resistance (worn)
 m - an orb of wrath
Scrolls
 a - a scroll of identify
 b - a scroll of fog
 c - 2 scrolls of teleportation {unknown}
 f - 2 scrolls of summoning {unknown}
 i - 2 scrolls of fear
 k - a scroll of poison {unknown}
 p - a scroll of immolation {unknown}
 q - a scroll of enchant weapon {unknown}
Potions
 e - a potion of heal wounds {unknown}
 h - a potion of might {unknown}
 j - a potion of attraction {unknown}
 l - a potion of ambrosia {unknown}
 o - a potion of brilliance {unknown}
 r - a potion of haste {unknown}
 s - a potion of degeneration {unknown}


   Skills:
 + Level 5.0 Fighting
 + Level 2.1 Short Blades
 + Level 2.1 Long Blades
 + Level 2.1 Axes
 + Level 6.9 Maces & Flails
 + Level 2.1 Polearms
 + Level 2.1 Staves
 + Level 2.1 Ranged Weapons
 + Level 2.1 Throwing
 + Level 2.1 Armour
 + Level 5.0 Dodging
 + Level 2.1 Stealth
 + Level 2.1 Shields
 + Level 2.1 Unarmed Combat
 + Level 5.4 Spellcasting
 + Level 5.7 Conjurations
 + Level 1.7 Hexes
 + Level 1.7 Summonings
 + Level 1.7 Necromancy
 + Level 1.7 Translocations
 + Level 1.7 Transmutations
 + Level 1.7 Fire Magic
 + Level 1.7 Ice Magic
 + Level 1.7 Air Magic
 + Level 1.7 Earth Magic
 + Level 1.7 Poison Magic
 + Level 2.3 Invocations
 + Level 2.1 Evocations


You had 12 spell levels left.
You knew the following spells:

 Your Spells              Type           Power      Damage    Failure   Level
a - Kiss of Death         Conj/Necr      52%        2d9       4%          1
b - Momentum Strike       Conj/Tloc      26%        3d8       8%          2

Your spell library contained the following spells:

 Spells                   Type           Power      Damage    Failure   Level
 Freeze                   Ice            32%        1d5       11%         1
 Hailstorm                Conj/Ice       13%        3d5       14%         3
 Frozen Ramparts          Ice            16%        1d3       32%         3


Dungeon Overview and Level Annotations

Branches:
Dungeon (4/15)
 Temple: D:4-7

Altars:

Shops:
D:2 ??


Innate Abilities, Weirdness & Mutations

You have very sharp teeth.
Your uncanny sense of smell can sniff out nearby items.
Your experience applies equally to all skills.


Message History

The poisoned dart barely misses the hound.
Unknown command.
You closely miss the hound. The hound bites you.
You puncture the hound!
The hound is severely wounded.
The hound bites you but does no damage. The hound barely misses you.
You hit the hound but do no damage.
The hound is severely wounded.
The hound bites you but does no damage. The hound bites you.
You barely miss the hound.
The hound is severely wounded.
The hound bites you. x2
You barely miss the hound.
The hound is severely wounded.
The hound bites you but does no damage. The hound misses you.
You miss the hound.
The hound is severely wounded.
The hound barely misses you.
You closely miss the hound.
The hound is severely wounded.
The hound bites you. x2
Unknown command.
You hit the hound.
The hound is almost dead.
The hound bites you.
* * * LOW HITPOINT WARNING * * *
The hound closely misses you.
You closely miss the hound. You bite the hound.
The hound is almost dead.
The hound closely misses you. x2
Unknown command.
You closely miss the hound. Your bite misses the hound.
The hound is almost dead.
The hound closely misses you. The hound bites you.
* * * LOW HITPOINT WARNING * * *
Unknown command.
You barely miss the hound. Your bite misses the hound.
The hound is almost dead.
The hound bites you.
You die...

........)#####)####.#.#
..........# #.# #<#
..........# #.# ###
..........# #.#
..^.......# ##.#
..........####..# ∆
..[............##
...........#####
######@.### #h.##
∆.....# .......#
........# ........#
........# ().......


You could see a hound.

Vanquished Creatures
  A howler monkey (D:3)
  A gnoll bouda (D:4)
  2 orc priests (D:3)
  Jessica (D:2)
  An orc wizard (D:4)
  3 adders
  5 gnolls (D:4)
  A worm (D:2)
  6 dart slugs
  10 orcs
  9 ball pythons
  3 bats
  8 endoplasms
  2 giant cockroaches
  5 goblins
  3 hobgoblins (D:1)
  4 jackals (D:3)
  5 kobolds
  4 quokkas
  5 frilled lizards
  11 rats
90 creatures vanquished.

Notes
Turn   | Place    | Note
-------+----------+-------------------------------------------
     0 | D:1      | olmar the Gnoll Reaver began the quest for the Orb.
     0 | D:1      | Reached XP level 1. HP: 20/20 MP: 6/6
    55 | D:1      | Reached XP level 2. HP: 25/26 MP: 7/7
   420 | D:1      | Reached skill level 5 in Spellcasting
   420 | D:1      | Reached XP level 3. HP: 31/31 MP: 7/9
   663 | D:1      | Reached skill level 1 in Invocations
   824 | D:1      | Learned a level 2 spell: Momentum Strike
   897 | D:2      | Found Qofeffenud's Magic Scroll Shoppe.
   919 | D:2      | Bought a scroll of identify for 20 gold pieces
   919 | D:2      | Bought a scroll of fog for 40 gold pieces
   919 | D:2      | Bought a scroll of fear for 40 gold pieces
   941 | D:2      | Reached skill level 1 in Short Blades
   941 | D:2      | Reached skill level 1 in Long Blades
   941 | D:2      | Reached skill level 1 in Axes
   941 | D:2      | Reached skill level 1 in Polearms
   941 | D:2      | Reached skill level 1 in Staves
   941 | D:2      | Reached skill level 1 in Ranged Weapons
   941 | D:2      | Reached skill level 1 in Throwing
   941 | D:2      | Reached skill level 1 in Armour
   941 | D:2      | Reached skill level 1 in Stealth
   941 | D:2      | Reached skill level 1 in Shields
   941 | D:2      | Reached skill level 1 in Unarmed Combat
   941 | D:2      | Reached skill level 1 in Evocations
  1075 | D:2      | Noticed Jessica
  1077 | D:2      | Found a faded altar of an unknown god.
  1088 | D:2      | Killed Jessica
  1089 | D:2      | Reached XP level 4. HP: 38/38 MP: 11/11
  1172 | D:2      | Reached skill level 1 in Hexes
  1172 | D:2      | Reached skill level 1 in Summonings
  1172 | D:2      | Reached skill level 1 in Necromancy
  1172 | D:2      | Reached skill level 1 in Translocations
  1172 | D:2      | Reached skill level 1 in Transmutations
  1172 | D:2      | Reached skill level 1 in Fire Magic
  1172 | D:2      | Reached skill level 1 in Ice Magic
  1172 | D:2      | Reached skill level 1 in Air Magic
  1172 | D:2      | Reached skill level 1 in Earth Magic
  1172 | D:2      | Reached skill level 1 in Poison Magic
  1180 | D:2      | Found Nyasydia's Magic Scroll Emporium.
  1715 | D:3      | Reached XP level 5. HP: 25/35 MP: 8/12
  2005 | D:3      | Reached XP level 6. HP: 45/45 MP: 13/13
  2528 | D:4      | Reached skill level 5 in Fighting
  2528 | D:4      | Reached skill level 5 in Dodging
  2722 | D:4      | Slain by a hound

Illustrated notes

Levels and vault maps discovered:
D:1:      lightli_arrival_windingriver, layout_basic
D:2:      layout_basic, shapermc_ecumenical_altar_notcrosses, serial_shops,
          shop_fountains, nicolae_diamond_shop, uniq_jessica
D:3:      layout_loops_cross, kennysheep_orc_chapel
D:4:      layout_basic, mainiacjoe_overflow_paths, serial_shops,
          nicolae_shop_mannequins

Skill      XL: |  1  2  3  4  5  6 |
---------------+-------------------+-----
Spellcasting   | 5 |  5.4
Invocations    | 1 2 |  2.3
Short Blades   | 1 2 |  2.1
Long Blades    | 1 2 |  2.1
Axes           | 1 2 |  2.1
Polearms       | 1 2 |  2.1
Staves         | 1 2 |  2.1
Ranged Weapons | 1 2 |  2.1
Throwing       | 1 2 |  2.1
Armour         | 1 2 |  2.1
Stealth        | 1 2 |  2.1
Shields        | 1 2 |  2.1
Unarmed Combat | 1 2 |  2.1
Evocations     | 1 2 |  2.1
Hexes          | 1 |  1.7
Summonings     | 1 |  1.7
Necromancy     | 1 |  1.7
Translocations | 1 |  1.7
Transmutations | 1 |  1.7
Fire Magic     | 1 |  1.7
Ice Magic      | 1 |  1.7
Air Magic      | 1 |  1.7
Earth Magic    | 1 |  1.7
Poison Magic   | 1 |  1.7
Fighting       | 5 |  5.0
Dodging        | 5 |  5.0
Maces & Flails | |  6.9
Conjurations   | |  5.7

Action                     |  1- 3 |  4- 6 || total
---------------------------+-------+-------++-------
  Melee: Mace              |    11 |       ||    11
         Bite              |     7 |    13 ||    20
         Demon trident     |    85 |   165 ||   250
  Throw: Dart              |       |     3 ||     3
   Cast: Kiss of Death     |       |     6 ||     6
    Use: Potion            |       |     2 ||     2
   Stab: Sleeping          |     2 |     5 ||     7
 Armour: Leather armour    |    14 |    43 ||    57
  Dodge: Dodged            |    41 |   100 ||   141
